 Dungeon Crawl Stone Soup version 0.24.0-13-gcf9b319 (webtiles) character file.

Game seed: 5071051963780431663, levelgen mode: deterministic

182 sweetbreads the Digger (level 5, -3/28 HPs)
             Began as a Gargoyle Earth Elementalist on Mar 24, 2020.
             Slain by an ogre
             ... wielding a +0 giant club
              (15 damage)
             ... on level 3 of the Dungeon.
             The game lasted 00:14:34 (2262 turns).

sweetbreads the Digger (GrEE)                       Turns: 2262, Time: 00:14:34

Health: -3/28      AC:  8    Str: 12    XL:     5   Next: 61%
Magic:  8/9        EV: 12    Int: 16    God:
Gold:   183        SH:  0    Dex: 10    Spells: 6/10 levels left

rFire    . . .     SeeInvis .   a - +0 mace
rCold    . . .     Gourm    .   (no shield)
rNeg     + . .     Faith    .   c - +0 robe
rPois    ∞         Spirit   .   (no helmet)
rElec    +         Reflect  .   p - +0 cloak
rCorr    .         Harm     .   r - +0 pair of gloves
MR       .....                  (no boots)
Stlth    ++........             (no amulet)
HPRegen  0.09/turn              (no ring)
MPRegen  0.11/turn              (no ring)

@: no status effects
A: negative energy resistance 1, electricity resistance, unbreathing,
petrification resistance, rot immunity, AC +4
a: no special abilities


You were on level 3 of the Dungeon.
You were not hungry.

You visited 1 branch of the dungeon, and saw 4 of its levels.

You collected 183 gold pieces.

Inventory:

Hand Weapons
 a - a +0 mace (weapon)
 g - a +0 club
 h - a +0 rapier
 m - a +0 whip
 o - a +1 hand axe of venom
 t - a +0 hunting sling
 w - a +0 mace
 y - a +0 flail
 A - a +0 rapier
Missiles
 b - 133 stones (quivered)
Armour
 c - a +0 robe (worn)
 f - a +0 robe
 p - a +0 cloak (worn)
 r - a +0 pair of gloves (worn)
Jewellery
 e - an uncursed ring of protection from fire
 k - a +2 ring of strength {unknown}
Scrolls
 j - 4 scrolls of identify {unknown}
 l - 3 scrolls of remove curse {unknown}
 s - 2 scrolls of blinking {unknown}
 v - 2 scrolls of teleportation {unknown}
 x - a scroll of amnesia {unknown}
 z - a scroll of enchant armour {unknown}
Potions
 i - a potion of brilliance {unknown}
 n - 3 potions of heal wounds {unknown}
 q - a potion of might {unknown}
 u - a potion of cancellation {unknown}
Comestibles
 d - 5 rations


   Skills:
 + Level 1.7 Maces & Flails
 - Level 2.0 Dodging
 - Level 2.2 Stealth
 + Level 3.1 Spellcasting
 + Level 1.9 Conjurations
   Level 0.7 Transmutations
 + Level 5.2 Earth Magic


You had 6 spell levels left.
You knew the following spells:

 Your Spells              Type           Power        Failure   Level  Hunger
a - Sandblast             Erth           ###...       2%          1    None
b - Stone Arrow           Conj/Erth      ##....       13%         3    ###....

Your spell library contained the following spells:

 Spells                   Type           Power        Failure   Level  Hunger
 Passwall                 Tmut/Erth      ##......     9%          2    ##.....
 Petrify                  Tmut/Erth      ##......     47%         4    ####...
 Lee's Rapid Deconstruct  Erth           ###.......   52%         5    ######.


Dungeon Overview and Level Annotations

Branches:
Dungeon (4/15)
 Temple: D:4-7

Altars:
Xom

Portals:
Ossuary: D:4


Innate Abilities, Weirdness & Mutations

You are resistant to torment.
Your stone body is resilient. (AC +4)
You are immune to poison.
You resist negative energy. (rN+)
You are resistant to electric shocks. (rElec)
You can survive without breathing.
You are immune to petrification.
You are immune to rotting.


Message History

You hit the scorpion.
You kill the scorpion!
You eat one of the 6 rations.
That ration really hit the spot!
You climb downwards.
You hear the hiss of flowing sand.
There is an entrance to an ossuary on this level.
Hurry and find it before the portal is buried!
A slave comes into view.
The slave shouts!
The giant cockroach bites you. The ogre closely misses you.
The giant cockroach bites you but does no damage.
There is a stone staircase leading up here.
The giant cockroach barely misses you. The ogre hits you with a +0 giant club!
Ouch! That really hurt!
You climb upwards.
There is a stone staircase leading down here.
Unknown command.
The giant cockroach bites you but does no damage.
The ogre hits you with a +0 giant club!
Ouch! That really hurt!
You die...

####.#########.# #.# #.#
#<##.# #.# #.# #.#
#.##.#########'###.# #.#
#.##.##....#....##.# #.#
#.##.##....#....##.# #.#
#.##..'<...#....##.# #.#
##.#####....#....##.# #.#
.......#....###s###.#####
#.# .#.###.#....#
#>@.......# #.# .#.#
#.#....# #O#######.###.#
## .#.###.#....#
#.............####.
.#.....#....#
#...............)'.
.#######....#
#########..#######)
.......'....# ##.## #.
########....# #..# #.
#....# ##.# #.
###'####### ####'######.


You could see an ogre and a giant cockroach.

Vanquished Creatures
  A scorpion (D:3)
  4 gnolls (D:3)
  2 adders (D:2)
  2 oozes (D:2)
  2 worms
  3 leopard geckos
  An orc (D:3)
  3 giant cockroaches
  7 hobgoblins
  4 jackals (D:3)
  2 quokkas (D:3)
  6 bats
  7 frilled lizards
  6 goblins
  A jackal skeleton (D:3)
  6 kobolds
  6 rats
63 creatures vanquished.

Notes
Turn   | Place    | Note
-------+----------+-------------------------------------------
     0 | D:1      | sweetbreads the Gargoyle Earth Elementalist began the quest
                  | for the Orb.
     0 | D:1      | Reached XP level 1. HP: 10/10 MP: 3/3
    53 | D:1      | Reached skill level 4 in Earth Magic
   112 | D:1      | Reached XP level 2. HP: 14/15 MP: 3/5
   349 | D:1      | Reached XP level 3. HP: 15/19 MP: 6/6
   357 | D:1      | Learned a level 3 spell: Stone Arrow
  1095 | D:2      | Reached XP level 4. HP: 23/24 MP: 4/7
  1243 | D:2      | Found a shimmering altar of Xom.
  1754 | D:3      | Reached skill level 1 in Maces & Flails
  1754 | D:3      | Reached skill level 1 in Conjurations
  1786 | D:3      | Reached skill level 5 in Earth Magic
  1790 | D:3      | Reached XP level 5. HP: 28/28 MP: 4/9
  2251 | D:4      | Found a sand-covered staircase.
  2251 | D:4      | Noticed an ogre
  2259 | D:4      | Noticed a slave
  2262 | D:3      | Slain by an ogre

Levels and vault maps discovered:
D:1:      dpeg_arrival_short_road, layout_rooms, chequers_serial_rivers_small_3
D:2:      layout_loops_ring, nicolae_overflow_hidden_temple
D:3:      layout_basic, first_ration
D:4:      layout_basic, serial_shops, kennysheep_little_box, shop,
          enter_ossuary_1, serial_rivers, chequers_serial_rivers_micro_b,
          chequers_serial_rivers_micro_a, chequers_serial_rivers_micro_c,
          chequers_serial_rivers_small_b, uniq_blork_the_orc, uniq_pikel

Skill      XL: |  1  2  3  4  5 |
---------------+----------------+-----
Earth Magic    | 4 5 |  5.2
Dodging        | 2 |  2.0
Maces & Flails | 1 |  1.7
Conjurations   | 1 |  1.9
Spellcasting   | 3 |  3.1
Stealth        | |  2.2
Transmutations | |  0.7

Action                   |  1- 3 |  4- 6 || total
-------------------------+-------+-------++-------
Melee: Unarmed           |     3 |       ||     3
       Club              |     2 |       ||     2
       Mace              |    53 |    45 ||    98
 Cast: Sandblast         |    22 |    18 ||    40
       Stone Arrow       |     1 |       ||     1
 Stab: Sleeping          |     5 |     1 ||     6
  Eat: Chunk             |     1 |     3 ||     4
       Ration            |       |     1 ||     1
Armor: Robe              |    31 |    15 ||    46
Dodge: Dodged            |    55 |    38 ||    93
